Map: Ephemeron LE

Players

TurkeyDano

  • Race: Protoss Protoss
  • League: Master
  • Spawn Location: 5:00

iGiAsonu - Winner!

  • Race: Zerg Zerg
  • Spawn Location: 11:00

Event: NationWars 2019

VOD

Have the link to the VOD?

Description

Time

  • Played on: Nov. 13, 2019, 12:56 p.m.
  • Length: 4:30
Show
View Real Time Build Order
Export as new Build Order

TurkeyDano Protoss 

Build Orders:  

Get SALT Encoding   

  12  0:00  Probe  
  13  0:13  Probe  
  14  0:17  Pylon  
  14  0:25  Probe (Chrono Boost)  
  16  0:37  Probe (Chrono Boost)  
  16  0:38  Forge  
  16  0:42  Probe (Chrono Boost)  
  17  0:50  Pylon  
  17  0:54  Probe  
  18  1:06  Probe  
  18  1:09  Gateway  
  19  1:18  Photon Cannon  
  19  1:21  Probe  
  20  1:27  Assimilator  
  20  1:34  Pylon  
  20  1:38  Probe  
  21  1:45  Photon Cannon  
  21  1:54  Probe  
  21  1:59  Cybernetics Core  
  21  2:09  Photon Cannon  
  21  2:25  Photon Cannon  
  21  2:33  Stalker (Chrono Boost)  
  23  2:39  Shield Battery  
  23  2:46  Probe  
  23  2:48  Assimilator  
  24  2:53  Robotics Facility  
  24  2:57  Shield Battery  
  24  3:10  Stalker (Chrono Boost)  
  26  3:15  Shield Battery  
  26  3:23  Photon Cannon  
  26  3:32  Stalker (Chrono Boost)  
  26  3:43  Pylon  
  26  3:50  Shield Battery  
  25  4:14  Probe  
Show
View Real Time Build Order
Export as new Build Order

iGiAsonu Zerg - Winner!

Build Orders: Pool First 

Get SALT Encoding   

  12  0:01  Drone  
  13  0:13  Overlord  
  13  0:17  Drone  
  14  0:32  Drone x2  
  16  0:41  Spawning Pool  
  15  0:44  Drone  
  15  0:47  Extractor  
  15  0:51  Drone  
  16  0:57  Drone  
  17  1:16  Hatchery  
  16  1:29  Zergling x6  
  19  1:41  Roach Warren  
  18  1:54  Drone  
  19  1:56  Extractor  
  18  2:03  Drone  
  18  2:04  Overlord  
  19  2:21  Roach  
  21  2:24  Roach  
  21  2:29  Roach  
  25  2:39  Roach  
  28  2:44  Ravager x2  
  28  2:48  Roach  
  31  2:54  Ravager  
  30  3:13  Roach x3  
  34  3:31  Overlord  
  34  3:39  Roach  
  34  3:47  Ravager  
  31  3:57  Roach x3  
Tags
 
Add a new tag
Caveats
  • Supply blocks, unpowered buildings, or Contaminate may cause inaccurate times.
  • Supply counts are checked every 10 seconds.